 Dungeon Crawl Stone Soup version 0.32-a0-450-g080537f31e (webtiles) character file.

Game seed: 10771198775590619932

4 Bravepunisher the Ducker (level 1, -2/11 HPs)
             Began as a Spriggan Monk on Feb 23, 2024.
             Splashed by a jelly's acid (11 damage)
             ... on level 5 of the Dungeon.
             The game lasted 00:01:59 (484 turns).

Bravepunisher the Ducker (Spriggan Monk)             Turns: 484, Time: 00:02:00

Health: -2/11      AC: -2    Str:  7    XL:     1   Next: 58%
Magic:  2/2        EV: 19    Int: 11    God:
Gold:   0          SH:  0    Dex: 17    Spells: 0/0 levels left

rFire   . . .        a - +0 short sword
rCold   . . .        (no shield)
rNeg    . . .        b - +0 robe
rPois   .            (helmet restricted)
rElec   .            (no cloak)
rCorr   .            (gloves unavailable)
SInv    +            (boots unavailable)
Will    .....        (no amulet)
Stlth   ++           (no ring)
HPRegen 0.21/turn    (no ring)
MPRegen 0.08/turn

%: no passive effects
@: corroded, very quick
A: very small, no large weapons, unfitting armour, see invisible, speed 3
a: no special abilities


You were on level 5 of the Dungeon.
You visited 1 branch of the dungeon, and saw 5 of its levels.

Inventory:

Hand Weapons
 a - a +0 short sword (weapon)
Armour
 b - a +0 robe (worn)
 e - a scarf of resistance
Scrolls
 f - a scroll of identify {unknown}
Potions
 c - a potion of ambrosia
 d - 2 potions of might {unknown}
 g - a potion of curing {unknown}


   Skills:
 + Level 2.5 Fighting
 - Level 3.2 Short Blades
 * Level 4.3 Dodging


You couldn't memorise any spells.
You didn't know any spells.
Your spell library contained the following spells:

 Spells                   Type           Power      Damage    Failure   Level
 Apportation              Tloc           0%         N/A       34%         1
 Necrotise                Necr           0%         1d4       34%         1
 Sting                    Conj/Alch      0%         1d3       34%         1
 Summon Small Mammal      Summ           0%         N/A       34%         1
 Frozen Ramparts          Ice            0%         1d1       71%         3
 Leda's Liquefaction      Alch/Erth      0%         N/A       98%         4
 Petrify                  Alch/Erth      0%         N/A       98%         4
 Metabolic Englaciation   Hex/Ice        0%         N/A       100%        5


Dungeon Overview and Level Annotations

Branches:
Dungeon (5/15)
 Temple: D:4-7

Altars:
Okawaru


Innate Abilities, Weirdness & Mutations

You are very small and have problems with some larger weapons.
You are too small for most types of armour.
You have supernaturally acute eyesight. (SInv)
You cover ground extremely quickly. (Speed+++)


Message History

Found a book of Necromancy.
A black bear comes into view.
Found 17 gold pieces.
A bombardier beetle comes into view.
There is a stone staircase leading down here.
You climb downwards.
You hear the sound of rushing water.
There is an entrance to a sewer on this level.
Hurry and find it before the portal rusts away!
Found a fuming blue potion.
There is a stone staircase leading up here.
g - a fuming blue potion A bombardier beetle comes into view.
Found an escape hatch in the ceiling.
There is an escape hatch in the ceiling here.
You hear the slow rusting of a very distant drain.
You pick up a book of Sloth and begin reading...
You add the spells Frozen Ramparts, Leda's Liquefaction, Petrify and Metabolic Englaciation to your library.
A water moccasin comes into view.
Found 13 gold pieces.
You see here 13 gold pieces.
Found a scroll labelled SUIXTU LEYJEDGH.
Found a scroll labelled OCKEUP IFOESUUNG.
Found 12 gold pieces.
Found 13 gold pieces.
You see here a scroll labelled OCKEUP IFOESUUNG.
You open the door.
Found an iron altar of Okawaru.
A jelly comes into view.
There is an open door here.
You close the door.
You aren't carrying any items that you can evoke.
The jelly quivers.
You open the door.
You hear the slow rusting of a very distant drain.
The jelly jiggles.
The jelly misses you.
You open the door. The jelly hits you. The acid corrodes you!
You are splashed with acid!
Ouch! That really hurt!
You die...

.. #### .. ... .# #
♣♣♣♣'♣♣♣♣## ###.#ß##
+.......+.#####$.$....
♣.≈...≈.♣....S........
♣.≈._.≈.♣######.#.....
♣.≈...J.♣ #?# ß##
+....@..+ #.#
♣♣♣♣'♣♣♣♣.#####.######
#. #............ ..
#.####........ ##!
#.S#####. ## ######..#
#. ....?...#####.
#######.....S.
#######.


You could see a jelly.

Vanquished Creatures
  A ball python (D:1)
  A bat (D:1)
  An endoplasm (D:4)
  A frilled lizard (D:4)
4 creatures vanquished.

Notes
Turn   | Place    | Note
-------+----------+-------------------------------------------
     0 | D:1      | Bravepunisher the Spriggan Monk began the quest for the
                  | Orb.
     0 | D:1      | Reached XP level 1. HP: 11/11 MP: 2/2
   192 | D:3      | Noticed an orc wizard
   309 | D:4      | Noticed a black bear
   311 | D:4      | Noticed a bombardier beetle
   313 | D:5      | Entered Level 5 of the Dungeon
   325 | D:5      | Noticed a bombardier beetle
   432 | D:5      | Noticed a water moccasin
   469 | D:5      | Found an iron altar of Okawaru.
   470 | D:5      | Noticed a jelly
   484 | D:5      | Splashed by a jelly's acid

Illustrated notes

Levels and vault maps discovered:
D:1:      nicolae_arrival_washed_ashore, layout_loops_cross,
          shapermc_ecumenical_altar_mp_vishouse
D:2:      layout_rooms
D:3:      layout_basic, mainiacjoe_overflow_tiny_flanked,
          nicolae_uskayaw_murder_on_the_dancefloor,
          nicolae_tso_swordbearing_angel, minmay_diced_spiral
D:4:      layout_basic, marbit_many_paths, minmay_temple_entry_glassed_door,
          minmay_ogre_servants
D:5:      layout_loops_ring, nemelex_spade_bored_becter,
          mainiacjoe_overflow_six_doors_small, portal_sewer_entry_c,
          corexii_hall_statues_x

Action                     || total
---------------------------++-------
  Melee: Short sword       ||     9
   Stab: Sleeping          ||     1
 Armour: Robe              ||     8
  Dodge: Dodged            ||    23

Table legend: (Time is in decaauts)
 A = Elapsed time spent in this place.
 B = Non-inter-level travel time spent in this place.
 C = Inter-level travel time spent in this place.
 D = Time resting spent in this place.
 E = Time spent auto-exploring this place.
 F = Levels seen in this place.
 G = Mean time per level.
                   A        B        C        D        E       F      G
               +--------+--------+--------+--------+--------+-----+--------+
         Total |    318 |    318 |      0 |     23 |    107 |   5 |   63.6 |
       Dungeon |    318 |    318 |      0 |     23 |    107 |   5 |   63.6 |
               +--------+--------+--------+--------+--------+-----+--------+

Top non-repeatable levels by time:
     D:1: 110 daAuts
     D:5: 104 daAuts
     D:4: 67 daAuts
     D:3: 24 daAuts
     D:2: 11 daAuts
